 Dungeon Crawl Stone Soup version 0.24.0-13-gcf9b319 (webtiles) character file.

Game seed: 12274700187896658019, levelgen mode: deterministic

2994 ricardofg the Magician (level 9, -5/70 HPs)
             Began as a Grey Draconian Wizard on Nov 25, 2019.
             Was a Believer of Sif Muna.
             Hit by a large rock thrown by a cyclops (35 damage)
             ... on level 11 of the Dungeon.
             The game lasted 00:40:18 (10790 turns).

ricardofg the Magician (Grey Draconian Wizard)     Turns: 10790, Time: 00:40:19

Health: -5/70      AC: 13    Str: 10    XL:     9   Next: 54%
Magic:  17/18      EV: 13    Int: 21    God:    Sif Muna [**....]
Gold:   434        SH:  0    Dex: 10    Spells: 12/21 levels left

rFire    . . .     SeeInvis .   g - +2 whip (drain)
rCold    . . .     Gourm    .   (no shield)
rNeg     . . .     Faith    .   (armour unavailable)
rPois    .         Spirit   .   a - +1 hat
rElec    .         Reflect  .   (no cloak)
rCorr    .         Harm     .   (no gloves)
MR       .....                  (no boots)
Stlth    ++........             (no amulet)
HPRegen  0.21/turn              (no ring)
MPRegen  0.16/turn              (no ring)

@: no status effects
A: walk through water, unfitting armour, unbreathing, cold-blooded, AC +12
a: Channel Magic, Renounce Religion


You were on level 11 of the Dungeon.
You worshipped Sif Muna.
Sif Muna was pleased with you.
You were not hungry.

You visited 2 branches of the dungeon, and saw 10 of its levels.
You also visited: Sewer.

You collected 499 gold pieces.
You spent 65 gold pieces at shops.

Inventory:

Hand Weapons
 f - a +2 whip of freezing
 g - a +2 whip of draining (weapon)
 x - a +0 dagger
 H - a +2 flail of protection
Missiles
 e - 68 stones
 G - 7 poisoned darts (quivered)
Armour
 a - a +1 hat (worn)
 A - a +0 shield of poison resistance
Jewellery
 E - the amulet "Tilonib" {Spirit *Corrode +Inv rC++ Int+3}
   (You found it on level 7 of the Dungeon)

   [amulet of guardian spirit]

   It causes incoming damage to be split between your health and magic.
   It affects your intelligence (+3).
   It greatly protects you from cold.
   It lets you turn invisible.
   It may corrode you when you take damage.
 L - a +4 ring of intelligence
 N - a +2 ring of strength {unknown}
Wands
 v - a wand of flame (8)
 F - a wand of acid (6)
 K - a wand of disintegration (15)
Scrolls
 b - 2 scrolls of amnesia {unknown}
 d - 2 scrolls of enchant armour
 i - a scroll of blinking {unknown}
 j - 4 scrolls of magic mapping
 n - 2 scrolls of teleportation
 o - a scroll of noise {unknown}
 p - 7 scrolls of remove curse
 r - 2 scrolls of identify
 t - 4 scrolls of random uselessness {unknown}
 u - a scroll of immolation {unknown}
 y - a scroll of fear {unknown}
 C - a scroll of fog {unknown}
Potions
 h - a potion of agility
 k - 7 potions of curing
 l - a potion of lignification {unknown}
 m - a potion of degeneration {unknown}
 q - 7 potions of heal wounds
 s - 3 potions of brilliance
 w - a potion of ambrosia {unknown}
 z - 2 potions of flight
 B - a potion of mutation {unknown}
 D - 2 potions of might {unknown}
 I - a potion of berserk rage {unknown}
 J - a potion of haste {unknown}
Comestibles
 c - 15 rations
 M - 2 chunks of flesh


   Skills:
 + Level 3.5 Fighting
 + Level 3.3 Maces & Flails
 + Level 3.5 Dodging
 - Level 1.7 Stealth
 + Level 3.2 Shields
 + Level 6.5 Spellcasting
 + Level 6.3 Conjurations
   Level 1.0 Summonings
 - Level 1.0 Translocations
 + Level 3.8 Fire Magic
 + Level 2.9 Air Magic
 + Level 3.2 Invocations
 + Level 1.7 Evocations


You had 12 spell levels left.
You knew the following spells:

 Your Spells              Type           Power        Failure   Level  Hunger
a - Magic Dart            Conj           ####         1%          1    None
b - Conjure Flame         Conj/Fire      ####....     3%          3    #......
c - Mephitic Cloud        Conj/Pois/Air  ###.....     8%          3    #......
d - Blink                 Tloc           N/A          10%         2    None

Your spell library contained the following spells:

 Spells                   Type           Power        Failure   Level  Hunger
 Summon Small Mammal      Summ           ##..         6%          1    None
 Dazzling Spray           Conj/Hex       ###...       8%          3    #......
 Animate Skeleton         Necr           N/A          10%         1    None
 Corona                   Hex            #......      10%         1    None
 Pain                     Necr           #...         10%         1    None
 Call Imp                 Summ           ##......     10%         2    None
 Ensorcelled Hibernation  Hex/Ice        #.....       14%         2    None
 Slow                     Hex            #.......     14%         2    None
 Call Canine Familiar     Summ           ##......     19%         3    #......
 Summon Guardian Golem    Hex/Summ       #.......     22%         3    #......
 Confuse                  Hex            #.......     28%         3    #......
 Regeneration             Chrm/Necr      #.........   28%         3    #......
 Tukima's Dance           Hex            #.......     28%         3    #......
 Vampiric Draining        Necr           #.........   28%         3    #......
 Summon Lightning Spire   Summ/Air       ###.....     38%         4    ###....
 Summon Ice Beast         Ice/Summ       #.......     58%         4    ###....
 Animate Dead             Necr           N/A          67%         4    ###....


Dungeon Overview and Level Annotations

Branches:
Dungeon (8/15)             Temple (1/1) D:5            Lair (0/6) D:11
  Sewer (visited)

Altars:
Ashenzari
Cheibriados
Dithmenos
Elyvilon
Fedhas
Gozag
Hepliaklqana
Kikubaaqudgha
Makhleb
Nemelex Xobeh
Okawaru
Qazlal
Ru
Sif Muna
Trog
Uskayaw
Vehumet
Wu Jian
Xom
Yredelemnul
Zin
The Shining One

Shops:
D:4 ?   D:8 *

Portals:
Ice
Cave: D:11


Innate Abilities, Weirdness & Mutations

You can walk through water.
Your dull iron-grey scales are very hard. (AC +12)
You cannot fit into any form of body armour.
You can survive without breathing.
You are cold-blooded and may be slowed by cold attacks.


Message History

You see here a large rock.
The white imp shouts!
You hear a shout!
The white imp gestures at you. The puff of frost hits you.
The white imp gestures at you. The puff of frost misses you.
The white imp gestures at you. The puff of frost misses you.
The cyclops throws a large rock.
The large rock hits you!
You see here a large rock.
The white imp gestures at you. The puff of frost hits you.
The white imp gestures at you. The puff of frost hits you.
Found 12 gold pieces.
Found an escape hatch in the ceiling.
The cyclops throws a large rock.
The large rock barely misses you.
An orc comes into view. It is wielding a +0 trident.
The cyclops throws a large rock.
The large rock hits you!!
Ouch! That really hurt!
You die...

**,**,,,,,,,,,,**,,,*,,,,,,,,,*,*
,,,,,,,,,*......#...#....5.5..,,,
,,,,,*,,,##..$.........5.....5,,,
,******,,.........##...555....**,
,,*****,,.........##...55.....**,
,,,,**,,,...............5.5...,**
,,,,,,,,,.........#.....5....#,,*
*,,,,,,,,o.......##..........#,,*
*,,,,,,,,......<@.#((...).....,,,
,,,,,,,,,....................#,,,
,,,,,,,,,...................##*,,
,,,,,,,,,.........##........##***
,,,,,,,,,..........#.........# *
*,,,,,,,,............#C......#
***,,,,,*###........###.?...>#
*,,,,,,,,,*#........#........##
,,,,,,,,,,,#^..##.*,.#.(......##


You could see a cyclops and an orc (sleeping).

Vanquished Creatures
  Prince Ribbit (D:5)
  Eustachio (D:5)
  Edmund (D:6)
  A hungry ghost (D:7)
  2 orc warriors
  An ice beast (D:8)
  4 sky beasts
  An ogre (D:7)
  3 centaurs
  A big kobold (D:8)
  2 scorpions
  3 howler monkeys
  2 crimson imps
  4 hounds
  A jelly (D:7)
  6 orc priests
  3 bullfrog skeletons
  A centaur skeleton (D:7)
  2 iguanas
  2 orc wizards
  6 worker ants
  A hound skeleton (D:7)
  7 gnolls
  12 adders
  5 river rats
  4 shadow imps
  An adder skeleton (D:7)
  3 adder zombies
  4 worms
  A dart slug (D:2)
  7 leopard geckos
  21 orcs
  4 giant cockroaches
  8 hobgoblins
  2 jackals (D:6)
  23 kobolds
  2 quokkas
  7 ball pythons
  12 bats
  7 frilled lizards
  4 goblins
  28 rats
211 creatures vanquished.

Notes
Turn   | Place    | Note
-------+----------+-------------------------------------------
     0 | D:1      | ricardofg the Draconian Wizard began the quest for the Orb.
     0 | D:1      | Reached XP level 1. HP: 14/14 MP: 4/4
   273 | D:1      | Reached XP level 2. HP: 5/20 MP: 0/6
  1244 | D:2      | Reached XP level 3. HP: 26/26 MP: 8/8
  2091 | D:3      | Reached XP level 4. HP: 30/33 MP: 10/10
  2114 | D:3      | Learned a level 3 spell: Conjure Flame
  2118 | D:3      | Learned a level 3 spell: Mephitic Cloud
  2121 | D:3      | Learned a level 2 spell: Blink
  2438 | D:3      | Reached XP level 5. HP: 33/38 MP: 1/11
  3485 | D:4      | Found Bolare's Magic Scroll Emporium.
  3493 | D:4      | Bought a scroll of remove curse for 39 gold pieces
  3493 | D:4      | Bought a scroll of identify for 26 gold pieces
  4154 | D:4      | Reached XP level 6. HP: 45/45 MP: 4/13
  4166 | D:4      | Reached skill level 5 in Spellcasting
  4674 | D:5      | Entered Level 5 of the Dungeon
  4755 | D:5      | Found a radiant altar of Vehumet.
  4851 | D:5      | Reached skill level 5 in Conjurations
  4862 | D:5      | Found a glowing drain.
  4870 | Sewer    | Entered a sewer
  5354 | Sewer    | Your scales start taking on a dull iron-grey colour.
  5354 | Sewer    | Reached XP level 7. HP: 50/50 MP: 9/15
  5354 | Sewer    | Gained mutation: You can survive without breathing. [Grey
                  | Draconian growth]
  5898 | D:5      | Reached skill level 1 in Fire Magic
  5905 | D:5      | Reached skill level 1 in Fighting
  5935 | D:5      | Found a staircase to the Ecumenical Temple.
  5944 | Temple   | Entered the Ecumenical Temple
  6246 | Temple   | Became a worshipper of Sif Muna the Loreminder
  6317 | D:5      | Reached skill level 1 in Maces & Flails
  6317 | D:5      | Reached skill level 1 in Shields
  6801 | D:5      | Reached skill level 1 in Invocations
  6858 | D:5      | Noticed Prince Ribbit
  6866 | D:5      | Killed Prince Ribbit
  6866 | D:5      | Reached skill level 1 in Air Magic
  6866 | D:5      | Reached XP level 8. HP: 58/61 MP: 5/17
  7565 | D:6      | Noticed Edmund
  7602 | D:6      | Noticed Eustachio
  7614 | D:6      | Killed Edmund
  7734 | D:5      | Killed Eustachio
  7813 | D:6      | Reached * piety under Sif Muna
  8361 | D:7      | Reached XP level 9. HP: 69/69 MP: 13/18
  8542 | D:7      | Reached skill level 1 in Evocations
  8612 | D:7      | Got a flickering sapphire amulet
  9057 | D:7      | Reached ** piety under Sif Muna
  9823 | D:7      | Identified the amulet "Tilonib" {Spirit *Corrode +Inv rC++
                  | Int+3} (You found it on level 7 of the Dungeon)
 10130 | D:8      | Found Japua's General Store.
 10778 | D:8      | You fall into a shaft and drop 3 floors!
 10778 | D:11     | Noticed a cyclops
 10784 | D:11     | Found a frozen archway.
 10784 | D:11     | Noticed a cyclops
 10790 | D:11     | Hit by a large rock thrown by a cyclops

Levels and vault maps discovered:
D:1:      wander_arrival_estate, layout_rooms, corexii_item_surrounded_by_moat
D:2:      layout_basic, first_ration
D:3:      layout_basic
D:4:      layout_basic, serial_shops, shop_scrolls
D:5:      minmay_evil_eye, layout_loops_corners, nicolae_overflow_hidden_temple,
          temple_hall, portal_sewer_entry_b, serial_rivers,
          chequers_serial_rivers_large_b, chequers_serial_rivers_large_a,
          chequers_serial_rivers_small_3, chequers_serial_rivers_micro_b,
          uniq_prince_ribbit1
D:6:      layout_rooms, uniq_edmund, uniq_eustachio
D:7:      layout_layer_cave, grunt_ministairs_7
D:8:      layout_rooms, serial_shops, kennysheep_little_box, blue_anna_alchemist
          [blue_anna_fruit_fields, blue_anna_fruit_fields]
D:11:     layout_cave_pools, erik_lair_orcish_takeover,
          portal_ice_cave_entry_imps, grunt_dithmenos_smoke_and_mirrors
Temple:   compressed_dpeg_circular_temple

Skill      XL: |  1  2  3  4  5  6  7  8  9 |
---------------+----------------------------+-----
Conjurations   | 2 3 4 5 6 |  6.3
Spellcasting   | 4 5 6 |  6.5
Dodging        | 2 3 |  3.5
Fire Magic     | 2 3 |  3.8
Fighting       | 2 3 |  3.5
Maces & Flails | 1 2 3 |  3.3
Shields        | 1 2 3 |  3.2
Invocations    | 1 2 3 |  3.2
Air Magic      | 1 2 |  2.9
Evocations     | 1 |  1.7
Stealth        | |  1.7
Summonings     | |  1.0
Translocations | |  1.0

Action                   |  1- 3 |  4- 6 |  7- 9 || total
-------------------------+-------+-------+-------++-------
Melee: Dagger            |    12 |       |       ||    12
       Whip              |    82 |   123 |   300 ||   505
       Tailslap          |     7 |    12 |    30 ||    49
Throw: Stone             |     5 |     1 |       ||     6
       Dart              |       |       |    34 ||    34
 Cast: Magic Dart        |    56 |   101 |   172 ||   329
       Blink             |       |     3 |     6 ||     9
       Mephitic Cloud    |       |     9 |    20 ||    29
       Conjure Flame     |       |     4 |     7 ||    11
Evoke: Wand              |       |       |     1 ||     1
  Use: Scroll            |       |     2 |     8 ||    10
       Potion            |       |     1 |       ||     1
 Stab: Sleeping          |     2 |     1 |       ||     3
       Confused          |       |     2 |     7 ||     9
  Eat: Chunk             |     4 |    11 |    10 ||    25
       Ration            |       |       |     4 ||     4
Armor: Skin              |    50 |    31 |   155 ||   236
Dodge: Dodged            |    74 |    58 |   248 ||   380
